cohdb
Replays
Latest Replays
All Replays
Popular Replays
Top Player Replays
Match Explorer
How It Works
Community
CoH3 Stats
Reddit
Sign in to upload your games and track your stats! →
Sign in with Steam
Match 44122132
Unlisted
Match 44122132
Overview
Messages
Build Orders
End
Kradschützen Motorcycle Team
Panzergrenadier Squad
Panzergrenadier Squad
Panzergrenadier Squad
Construct Light Support Kompanie
Fire Support Elements
Selects Panzerjäger Kommand Battlegroup
Selects Mine Fields
le.IG 18 Support Gun Team
le.IG 18 Mechanized Group
Selects GrB 39 Grenade Launcher Requisition
2.5-tonne Medical Truck
Construct Panzerarmee Kommand
Assault Grenadier Squad
Assault Mechanized Group
REDFORCE
Basecoh3 @ Youtube
Symbiosis
CAuMOH
0
0
Comments
sign in to comment!
No comments posted yet!